 Dungeon Crawl Stone Soup version 0.17-a0-1056-g838d5c0 (webtiles) character file.

191 Lugonue the Insei (level 5, -6/37 HPs)
             Began as a Demonspawn Transmuter on May 16, 2015.
             Killed from afar by an orc wizard (9 damage)
             ... with a puff of frost
             ... on level 3 of the Dungeon.
             The game lasted 00:07:42 (2690 turns).

Lugonue the Insei (Demonspawn Transmuter)           Turns: 2690, Time: 00:07:42

Health: -6/37      AC:  3    Str: 10    XL:     5   Next: 41%
Magic:  9/9        EV: 12    Int: 17    God:
Gold:   109        SH:  0    Dex: 14    Spells: 3 memorised, 3 levels left

rFire  . . .     SeeInvis .       - Unarmed
rCold  . . .     Clarity  .     b - +0 robe
rNeg   . . .     SustAb   .     (no shield)
rPois  .         Gourm    .     (no helmet)
rElec  .         Spirit   .     (no cloak)
rCorr  .         Warding  .     g - +0 pair of gloves
rMut   +         Rnd*Tele +     (no boots)
MR     .....                    u - amulet of resist mutation
Stlth  +.........               v - +2 ring of intelligence
                                n - ring of teleportation (curse)

@: not resistant to hostile enchantments, very unstealthy
A: powered by death 1
a: Evoke Teleportation


You were on level 3 of the Dungeon.
You were not hungry.

You visited 1 branch of the dungeon, and saw 3 of its levels.

You collected 109 gold pieces.

Inventory:

Missiles
 a - 23 arrows
 y - 12 arrows of frost
Armour
 b - a +0 robe (worn)
 g - a +0 pair of gloves (worn)
Jewellery
 i - an uncursed ring of flight
 j - an uncursed ring of protection from fire
 n - a cursed ring of teleportation (left hand)
 u - an amulet of resist mutation (around neck)
 v - a +2 ring of intelligence (right hand)
Magical devices
 m - a wand of slowing (18)
 s - a wand of magic darts (28)
Scrolls
 x - a scroll of magic mapping
Potions
 e - a potion of brilliance
 h - 3 potions of heal wounds
 k - a potion of curing
 o - a potion of cancellation {unknown}
 q - a potion of berserk rage {unknown}
 r - a potion of might {unknown}
 t - a potion of agility {unknown}
 w - a potion of flight {unknown}
 z - a potion of lignification {unknown}
 A - a potion of resistance {unknown}
Books
 c - a book of Changes

   Spells                             Type                      Level
   a - Beastly Appendage              Transmutation                1
   b - Sticks to Snakes               Transmutation                2
   c - Spider Form                    Transmutation/Poison         3
   d - Ice Form                       Ice/Transmutation            4
   e - Blade Hands                    Transmutation                5
Comestibles
 d - 4 bread rations
 f - a meat ration
 l - a fruit
 p - a slice of pizza


   Skills:
 - Level 1.0 Fighting
 - Level 1.7 Dodging
 * Level 4.2 Unarmed Combat
 + Level 2.9 Spellcasting
 * Level 3.3 Transmutations
 + Level 0.2 Poison Magic


You had 3 spell levels left.
You knew the following spells:

 Your Spells              Type           Power        Failure   Level  Hunger
a - Beastly Appendage     Trmt           ##....       4%          1    #......
b - Sticks to Snakes      Trmt           ##........   10%         2    ##.....
c - Spider Form           Trmt/Pois      #.........   24%         3    ###....


Dungeon Overview and Level Annotations

Branches:
Dungeon (3/15)

Altars:
Ashenzari

Annotations:
D:3 Sigmund


Innate Abilities, Weirdness & Mutations

You can steal the life force of nearby defeated enemies.


Message History

Okay, then.
Evoke which item? (* to show all) (? for menu, Esc to quit)
Okay, then.
Your talons disappear.
Something hits you but does no damage. Something hits you but does no damage.
You hear some strange, mumbled words.
A puff of frost appears from out of thin air!
The puff of frost hits you!
An orc wizard appears from thin air!
Reactivating autopickup.
The orc wizard casts a spell at you. The puff of frost hits you!
The orc wizard closely misses you.
The orc wizard gestures at you while chanting.
The puff of frost hits you!
* * * LOW HITPOINT WARNING * * *
The orc wizard points at you and mumbles some strange words.
The puff of frost hits you!
You die...

#############o..#.###
###8#.# #.r.#.# ####.8.#.#.
#o..#.# ........... #...#.#
###........ #...#.#
#>..8.#.#. #.....# #...#⌠#
#o...######
#..<############.#.....(.#
#.............<@##.......#
#........................#
#........÷...............#
###...............#.......##
>........#.......##.........
.###..#########..##.........
## ##.######........†.......
#..#........###.........
##......###.#...........


You could see an orc wizard, an orc and a rat.

Vanquished Creatures
  Ijyb (D:2)
  A worker ant (D:3)
  8 adders
  A worm (D:2)
  2 orcs (D:3)
  8 bats
  2 giant cockroaches
  9 goblins
  8 hobgoblins
  6 jackals
  5 kobolds
  2 quokkas
  2 giant geckos
  6 giant newts
  2 rats
63 creatures vanquished.

Vanquished Creatures (collateral kills)
  A goblin (D:2)
  A kobold (D:2)
2 creatures vanquished.

Grand Total: 65 creatures vanquished

Notes
Turn   | Place    | Note
--------------------------------------------------------------
     0 | D:1      | Lugonue the Demonspawn Transmuter began the quest for the Orb.
     0 | D:1      | Reached XP level 1. HP: 15/15 MP: 3/3
   281 | D:1      | Reached skill level 3 in Unarmed Combat
   336 | D:1      | Gained mutation: You can steal the life force of nearby defeated enemies. [demonic ancestry]
   336 | D:1      | Reached XP level 2. HP: 14/21 MP: 3/5
   369 | D:1      | Learned a level 2 spell: Sticks to Snakes
  1008 | D:2      | Reached XP level 3. HP: 14/26 MP: 4/6
  1098 | D:2      | Noticed Ijyb
  1125 | D:2      | Killed Ijyb
  1148 | D:2      | Learned a level 3 spell: Spider Form
  1192 | D:2      | Reached XP level 4. HP: 29/32 MP: 7/7
  2228 | D:3      | Reached XP level 5. HP: 37/37 MP: 9/9
  2247 | D:3      | Reached skill level 4 in Unarmed Combat
  2249 | D:3      | Found a shattered altar of Ashenzari.
  2661 | D:3      | Noticed Sigmund
  2690 | D:3      | Killed from afar by an orc wizard

Vault maps used:
D:1:      dpeg_arrival_central, minmay_misc_feat_hallway
D:2:      minivault_19, minmay_stone_trees_medium, minmay_joined_circles,
          uniq_iyjb
D:3:      evilmike_ruin_ashenzari, minitemple, grunt_ministairs_13, uniq_sigmund

Action                   |  1- 3 |  4- 6 || total
-------------------------+-------+-------++-------
Melee: Unarmed           |   102 |   147 ||   249
 Cast: Beastly Appendage |    16 |    13 ||    29
       Sticks to Snakes  |       |     5 ||     5
  Use: Scroll            |     3 |     6 ||     9
       Potion            |       |     1 ||     1
 Stab: Sleeping          |       |     1 ||     1
  Eat: Royal jelly       |     1 |       ||     1
       Chunk             |       |     3 ||     3
       Fruit             |       |     2 ||     2
